 Dungeon Crawl Stone Soup version 0.18.1-48-g4cf74bf (webtiles) character file.

203 Groucho the Skirmisher (level 5, 0/34 HPs)
             Began as a Gargoyle Fighter on June 26, 2016.
             Was a Follower of Makhleb.
             Killed from afar by an orc wizard (9 damage)
             ... with a puff of frost
             ... on level 4 of the Dungeon.
             The game lasted 00:05:30 (2456 turns).

Groucho the Skirmisher (Gargoyle Fighter)           Turns: 2456, Time: 00:05:31

Health: 0/34       AC: 13    Str: 21    XL:     5   Next: 81%
Magic:  5/5        EV:  7    Int:  8    God:    Makhleb [*.....]
Gold:   150        SH:  9    Dex:  9    Spells: 0 memorised, 4 levels left

rFire  . . .     SeeInvis .     a - +0 flail
rCold  . . .     Gourm    .     b - +0 scale mail
rNeg   + . .     Faith    .     c - +0 shield
rPois  ∞         Spirit   .     (no helmet)
rElec  +         Dismiss  .     (no cloak)
rCorr  .         Reflect  .     w - +0 pair of gloves (curse)
SustAt .         Harm     .     r - +0 pair of boots
MR     .....                    (no amulet)
Stlth  ..........               (no ring)
                                (no ring)

@: not resistant to hostile enchantments, extremely unstealthy
A: negative energy resistance 1, electricity resistance, unbreathing,
petrification resistance, rot immunity, AC +4
a: Renounce Religion


You were on level 4 of the Dungeon.
You worshipped Makhleb.
Makhleb was aware of your devotion.
You were not hungry.

You visited 1 branch of the dungeon, and saw 4 of its levels.

You collected 150 gold pieces.

Inventory:

Hand Weapons
 a - a +0 flail (weapon)
Armour
 b - a +0 scale mail (worn)
 c - a +0 shield (worn)
 r - a +0 pair of boots (worn)
 w - a cursed +0 pair of gloves (worn)
Jewellery
 k - an uncursed ring of ice {unknown}
Scrolls
 e - 2 scrolls of remove curse {unknown}
 f - a scroll of enchant armour {unknown}
 j - a scroll of noise {unknown}
 l - 2 scrolls of teleportation {unknown}
 q - a scroll of identify {unknown}
 t - a scroll of blinking {unknown}
 u - a scroll of random uselessness {unknown}
Potions
 d - 2 potions of might
 h - 2 potions of agility {unknown}
 m - a potion of curing {unknown}
 n - 2 potions of flight {unknown}
 s - a potion of mutation {unknown}
 v - 2 potions of berserk rage {unknown}
Comestibles
 g - a beef jerky
 i - 2 meat rations
 o - 5 fruits
 p - a bread ration


   Skills:
 + Level 4.3 Fighting
 * Level 3.6 Maces & Flails
 + Level 4.3 Armour
 + Level 4.3 Shields


You had 4 spell levels left.
You didn't know any spells.

Dungeon Overview and Level Annotations

Branches:
Dungeon (4/15)
 Temple: D:4-7

Altars:
Dithmenos
Fedhas
Gozag
Makhleb


Innate Abilities, Weirdness & Mutations

You are resistant to torment.
Your stone body is resilient (AC +4).
You are immune to poison.
You resist negative energy.
You are resistant to electric shocks.
You can survive without breathing.
You are immune to petrification.
You are immune to rotting.


Message History

The magic dart hits you!
* * * LOW HITPOINT WARNING * * *
You sock the orc!
You kill the orc!
Makhleb accepts your kill.
You feel better. Something hits you but does no damage.
You block the orc's attack. Something hits you but does no damage.
Your shield prevents you from hitting the orc.
Something hits you but does no damage. You block the orc's attack.
Unknown command.
You sock the orc!
You kill the orc!
Makhleb accepts your kill.
You hear some strange, mumbled words.
A puff of frost appears from out of thin air!
The puff of frost hits you! Something hits you but does no damage.
You hear some strange, mumbled words.
A puff of frost appears from out of thin air!
The puff of frost hits you!
You die...

####### #
#.....#
#.##.....#
...$.....#
#..{))#
#...<@#
##.......#
#!#####.#
#. # #. #


There were no monsters in sight!

Vanquished Creatures
  An orc priest (D:4)
  An orc wizard (D:3)
  A worker ant zombie (D:3)
  3 gnolls
  3 adders
  An ooze (D:3)
  4 dart slugs
  A giant gecko (D:2)
  6 orcs
  2 giant cockroaches (D:2)
  4 goblins
  4 hobgoblins
  5 jackals (D:3)
  10 kobolds
  A quokka (D:2)
  3 ball pythons (D:2)
  9 bats
  3 giant newts
  7 rats
69 creatures vanquished.

Notes
Turn   | Place    | Note
--------------------------------------------------------------
     0 | D:1      | Groucho the Gargoyle Fighter began the quest for the Orb.
     0 | D:1      | Reached XP level 1. HP: 14/14 MP: 1/1
    91 | D:1      | Reached XP level 2. HP: 18/19 MP: 2/2
   631 | D:1      | Reached XP level 3. HP: 16/23 MP: 3/3
   965 | D:2      | Found a burning altar of Makhleb.
   973 | D:2      | Became a worshipper of Makhleb the Destroyer
  1099 | D:2      | Reached XP level 4. HP: 15/29 MP: 4/4
  1333 | D:2      | Reached * piety under Makhleb
  1527 | D:2      | Found a blossoming altar of Fedhas.
  1884 | D:3      | Reached XP level 5. HP: 33/33 MP: 5/5
  1901 | D:3      | Found a shadowy altar of Dithmenos.
  2139 | D:3      | Found an opulent altar of Gozag.
  2456 | D:4      | Killed from afar by an orc wizard

Skill      XL: |  1  2  3  4 |
---------------+-------------+-----
Shields        | 4 |  4.3
Armour         | 4 |  4.3
Fighting       | 4 |  4.3
Maces & Flails | 3 |  3.6

Action                   |  1- 3 |  4- 6 || total
-------------------------+-------+-------++-------
Melee: Flail             |   119 |   222 ||   341
  Eat: Bread ration      |       |     1 ||     1
       Meat ration       |       |     1 ||     1
Armor: Scale mail        |    93 |   161 ||   254
Dodge: Dodged            |    51 |    80 ||   131
Block: Shield            |    75 |   145 ||   220
